 Dungeon Crawl Stone Soup version 0.31.0-9-g3a7656b989 (webtiles) character file.

Game seed: 4784103669227405767

63 qw the Shooter (level 3, -2/18 HPs)
             Began as a Spriggan Hunter on Feb 2, 2024.
             Slain by Terence
             ... wielding a +0 mace
              (4 damage)
             ... on level 3 of the Dungeon.
             The game lasted 00:00:05 (1450 turns).

qw the Shooter (Spriggan Hunter)                    Turns: 1450, Time: 00:00:05

Health: -2/18      AC:  2    Str:  7    XL:     3   Next: 89%
Magic:  4/4        EV: 19    Int: 10    God:
Gold:   70         SH:  0    Dex: 20    Spells: 2/2 levels left

rFire   . . .        a - +0 shortbow
rCold   . . .        (shield currently unavailable)
rNeg    . . .        c - +0 robe
rPois   .            (helmet restricted)
rElec   .            (no cloak)
rCorr   .            (gloves unavailable)
SInv    +            (boots unavailable)
Will    +....        (no amulet)
Stlth   ++           b - ring of willpower
HPRegen 0.23/turn    (no ring)
MPRegen 0.09/turn

%: no passive effects
@: very quick
A: very small, no large weapons, unfitting armour, see invisible, speed 3
a: no special abilities


You were on level 3 of the Dungeon.
You visited 1 branch of the dungeon, and saw 3 of its levels.

You collected 70 gold pieces.


Innate Abilities, Weirdness & Mutations

You are very small and have problems with some larger weapons.
You are too small for most types of armour.
You have supernaturally acute eyesight. (SInv)
You cover ground extremely quickly. (Speed+++)


   Skills:
 - Level 1.5 Fighting
 - Level 5.0 Ranged Weapons
 + Level 4.1 Dodging
 - Level 1.5 Stealth


You had 2 spell levels left.
You didn't know any spells.
Your spell library was empty.

Inventory:

Hand Weapons
 a - a +0 shortbow (weapon)
Armour
 c - a +0 robe (worn)
Jewellery
 b - a ring of willpower (left hand)
 i - a ring of fire
Potions
 e - a potion of might

Dungeon Overview and Level Annotations

Branches:
Dungeon (3/15)

Altars:

Annotations:
D:3 Terence


Message History

You shoot an arrow. The arrow hits the goblin.
The goblin shouts!
The goblin is severely wounded.
You shoot an arrow. The arrow hits the goblin!
You kill the goblin!
A goblin comes into view. It is wielding a +0 club.
Found a book of Touch and a scroll labelled EVAIBR ZUYVA.
You shoot an arrow. The arrow hits the goblin.
The goblin shouts!
The goblin is moderately wounded.
A hobgoblin comes into view.
An endoplasm comes into view.
Terence the Incautious comes into view.
He is wielding a +0 mace.
You shoot an arrow. The arrow barely misses the goblin.
The arrow barely misses the hobgoblin.
Terence shouts!
The hobgoblin shouts!
You shoot an arrow. The arrow closely misses the goblin.
You shoot an arrow. The arrow closely misses the goblin.
A giant cockroach comes into view.
You shoot an arrow. The arrow misses the goblin.
You shoot an arrow. The arrow barely misses the goblin.
The arrow hits the endoplasm!
You kill the endoplasm!
The goblin misses you.
You shoot an arrow. The arrow barely misses the goblin.
The goblin hits you with a +0 club. Terence hits you with a +0 mace.
The goblin completely misses you.
You shoot an arrow.
The arrow hits Terence but does no damage.
The goblin closely misses you. Terence hits you with a +0 mace!
You shoot an arrow.
The arrow hits Terence but does no damage.
The goblin hits you with a +0 club.
Terence says, "You're history."
Terence barely misses you.
You shoot an arrow.
The arrow hits Terence but does no damage.
The goblin closely misses you. The hobgoblin completely misses you.
Terence hits you with a +0 mace.
You die...
Terence says, "Time to find some more victims."

#.#...###........
#....)...........
###.#..##.#######
#.#..##.......#
#.#...######.##
#.#....<.....#
######.#.##.#......
......g####.########
.../.B@@............
......g####.........
....... #.####..)#
....... #+# ...
...$... . .......
......: ...?...


You could see Terence, a giant cockroach, a hobgoblin and a goblin.

Vanquished Creatures
  2 adders
  2 ball pythons (D:2)
  A bat (D:2)
  4 endoplasms
  5 goblins
  6 hobgoblins
  4 jackals (D:1)
  6 quokkas
  A frilled lizard (D:1)
  2 kobolds
  3 rats
36 creatures vanquished.

Notes
Turn   | Place    | Note
-------+----------+-------------------------------------------
     0 | D:1      | qw the Spriggan Hunter began the quest for the Orb.
     0 | D:1      | Reached XP level 1. HP: 10/10 MP: 2/2
     0 | D:1      | 0 ||| qw: Version: 0.3-a-155-g5e7d8dd
     0 | D:1      | 0 ||| qw: Game counter: 375
     0 | D:1      | 0 ||| qw: Melee chars always use a shield: true
     0 | D:1      | 0 ||| qw: God list: Okawaru
     0 | D:1      | 0 ||| qw: Allow faded altars: false
     0 | D:1      | 0 ||| qw: Do Orc after clearing Dungeon:15 true
     0 | D:1      | 0 ||| qw: Do second Lair branch before Depths: true
     0 | D:1      | 0 ||| qw: Lair rune preference: random
     0 | D:1      | 0 ||| qw: Goals: Normal
     0 | D:1      | 0 ||| PLANNING D:1-11
    93 | D:1      | Reached skill level 3 in Dodging
   279 | D:1      | Reached XP level 2. HP: 14/14 MP: 3/3
   845 | D:1      | Found a faded altar of an unknown god.
   872 | D:1      | 872 ||| READING scroll labelled BOOL QUROLESA.
   873 | D:1      | 873 ||| READING scroll labelled KEOZERHO VOGHI.
   873 | D:1      | 873 ||| IDENTIFYING lumpy blue potion
   874 | D:1      | 874 ||| READING scroll labelled LOABRU QOQOH.
   879 | D:1      | 879 ||| DROPPING scroll of butterflies.
   880 | D:1      | 880 ||| DROPPING potion of invisibility.
   916 | D:2      | 916 ||| STAIRDANCE
   923 | D:1      | Reached XP level 3. HP: 14/18 MP: 4/4
  1145 | D:2      | Identified the +7 spear of Keunniuf {flame, Int+3 Dex+5
                  | Stlth+}
  1245 | D:2      | Reached skill level 5 in Ranged Weapons
  1406 | D:2      | 1406 ||| UPGRADING to ring of willpower.
  1407 | D:2      | 1407 ||| READING scroll of identify.
  1407 | D:2      | 1407 ||| IDENTIFYING inky potion
  1408 | D:2      | 1408 ||| READING scroll labelled DAT ERENLUTSEXZA.
  1409 | D:2      | 1409 ||| READING scroll labelled LESMUU RUNA.
  1409 | D:2      | 1409 ||| ENCHANTING +0 shortbow.
  1441 | D:3      | Noticed Terence
  1449 | D:3      | HP: 2/18 [goblin/+0 club (4)]
  1450 | D:3      | Slain by Terence

Levels and vault maps discovered:
D:1:      dpeg_arrival_tiny_c, layout_loops_corners,
          shapermc_ecumenical_altar_hornbeckon
D:2:      minmay_door_path, layout_basic
D:3:      layout_basic, old_standard_altar, nicolae_overflow_crystal_walls,
          kennysheep_another_room, kennysheep_cluttered_room, uniq_natasha,
          uniq_terence

Skill      XL: |  1  2  3 |
---------------+----------+-----
Dodging        | 3 4 |  4.1
Ranged Weapons | 5 |  5.0
Fighting       | |  1.5
Stealth        | |  1.5

Action                     || total
---------------------------++-------
   Fire: Shortbow          ||   131
    Use: Scroll            ||     6
 Armour: Robe              ||    18
  Dodge: Dodged            ||    85

Table legend:
 A = Non-vault XP
 B = Vault XP
 C = Vault XP percentage of total XP
 D = Non-vault monster count
 E = Vault monster count
 F = Vault count percentage of total count
                 A         B        C        D         E       F
            +---------+---------+-------+---------+---------+-------
      Total |      89 |       2 |   2.2 |      35 |       1 |   2.8
            +---------+---------+-------+---------+---------+-------
        D:1 |      45 |       0 |   0.0 |      18 |       0 |   0.0
        D:2 |      40 |       2 |   4.8 |      15 |       1 |   6.2
        D:3 |       4 |       0 |   0.0 |       2 |       0 |   0.0
            +---------+---------+-------+---------+---------+-------
